 Dungeon Crawl Stone Soup version 0.25.0-10-g039870ee82 (webtiles) character file.

Game seed: 16304263819735297616

39 DeadF the Sneak (level 3, 0/14 HPs)
             Began as a Felid Enchanter on June 22, 2020.
             Slain by a jackal (3 damage)
             ... on level 3 of the Dungeon.
             The game lasted 00:03:20 (2324 turns).

DeadF the Sneak (Felid Enchanter)                   Turns: 2324, Time: 00:03:21

Health: 0/14       AC:  1    Str:  4    XL:     3   Next: 28%
Magic:  7/7        EV: 19    Int: 16    God:
Gold:   79         SH:  0    Dex: 17    Spells: 5/6 levels left
                                        Lives:  0   Deaths: 0

rFire    + . .     SeeInvis +     - Unarmed
rCold    + . .     Gourm    .   (shield unavailable)
rNeg     . . .     Faith    .   (armour unavailable)
rPois    +         Spirit   .   (helmet unavailable)
rElec    +         Reflect  .   (cloak unavailable)
rCorr    +         Harm     .   (gloves unavailable)
MR       .....                  (boots unavailable)
Stlth    ++++......             (no amulet)
HPRegen  0.04/turn              a - ring of stealth
MPRegen  0.10/turn              (no ring)

@: resistant, quick
A: very small, no armour, no weapons or thrown items, stealth, claws 1, fangs 3,
see invisible, carnivore, speed 1, shaggy fur 1, slow metabolism 1, sharp paws
a: no special abilities


You were on level 3 of the Dungeon.
You were very full.

You visited 1 branch of the dungeon, and saw 4 of its levels.

You collected 79 gold pieces.

Inventory:

Jewellery
 a - a ring of stealth (left paw)
Scrolls
 d - a scroll of remove curse
 e - 2 scrolls of enchant weapon {unknown}
 f - a scroll of enchant armour {unknown}
 h - a scroll of magic mapping {unknown}
 i - a scroll of identify {unknown}
 j - a scroll of teleportation {unknown}
Potions
 c - a potion of resistance
 g - a potion of curing
 k - a potion of mutation {unknown}
Comestibles
 b - a ration


   Skills:
 + Level 4.0 Dodging
 + Level 5.2 Stealth
 - Level 1.0 Unarmed Combat
 - Level 2.0 Spellcasting
 - Level 4.4 Hexes


You had 5 spell levels left.
You knew the following spells:

 Your Spells              Type           Power        Failure   Level  Hunger
a - Corona                Hex            ###....      3%          1    #......

Your spell library contained the following spells:

 Spells                   Type           Power        Failure   Level  Hunger
 Confusing Touch          Hex            ###.....     11%         3    ###....
 Tukima's Dance           Hex            ###.....     11%         3    ###....
 Ensorcelled Hibernation  Hex/Ice        #.....       13%         2    ###....
 Dazzling Flash           Conj/Hex       #.....       26%         3    ###....


Dungeon Overview and Level Annotations

Branches:
Dungeon (4/15)             Temple (0/1) D:4

Altars:
Makhleb

Annotations:
D:2 Terence


Innate Abilities, Weirdness & Mutations

You cannot wear armour.
You are incapable of wielding weapons or throwing items.
Your paws allow you to move quietly. (Stealth)
You have sharp claws.
You have razor-sharp teeth.
You have supernaturally acute eyesight. (SInv)
You are carnivorous and can eat meat at any time.
You cover ground quickly.
You are covered in fur. (AC +1)
You have a slow metabolism.
Your sharp claws are effective at attacking unaware monsters.


Message History

The jackal closely misses you. The jackal completely misses you.
The adder hisses angrily.
You scratch the jackal but do no damage.
The jackal is moderately wounded.
The jackal completely misses you.
You barely miss the jackal. Your bite misses the jackal.
The jackal is moderately wounded.
The jackal barely misses you.
You barely miss the jackal.
The jackal is moderately wounded.
The jackal closely misses you. The jackal completely misses you.
The jackal barely misses you.
You climb upwards.
The jackal bites you. x2
* * * LOW HITPOINT WARNING * * *
The jackal misses you. The jackal barely misses you.
There is a stone staircase leading down here.
You closely miss the jackal. You bite the jackal.
The jackal is heavily wounded.
The jackal bites you.
You die...

#.........###.....#
#.................#
##########........# #.#
#........# #.# #..)...### ##
#.# #......# .# #.#
####......#
.###.###<.....##h#
...............h@#
...........##..#h############
.###.###.#.##..#............#
.# #.# #.#..#....##########.#
## #.###.##'##.### #.#
#...#).....h# #.#
####.#.#.......### #.#
.....#.#.......(.# #.# ##.#
.....#.#.......#.# #.# #..#


You could see 3 jackals.

Vanquished Creatures
  2 adders
  A leopard gecko (D:4)
  A ball python (D:1)
  3 goblins
  A hobgoblin (D:1)
  A jackal (D:3)
  2 bats (D:1)
  6 frilled lizards
  4 kobolds (D:1)
  2 rats
23 creatures vanquished.

Notes
Turn   | Place    | Note
-------+----------+-------------------------------------------
     0 | D:1      | DeadF the Felid Enchanter began the quest for the Orb.
     0 | D:1      | Reached XP level 1. HP: 7/7 MP: 4/4
   772 | D:1      | Reached XP level 2. HP: 11/11 MP: 6/6
  1542 | D:2      | Noticed Terence
  1934 | D:3      | Found a burning altar of Makhleb.
  2136 | D:3      | Reached skill level 5 in Stealth
  2233 | D:4      | Noticed an ogre
  2244 | D:4      | Found a staircase to the Ecumenical Temple.
  2249 | D:4      | Reached XP level 3. HP: 7/14 MP: 7/7
  2324 | D:3      | Slain by a jackal

Illustrated notes

Levels and vault maps discovered:
D:1:      lightli_arrival_statuegarden, layout_basic, chequers_jeans
D:2:      layout_loops_ring, lemuel_crystal_altar, serial_bayou,
          serial_bayou_shore_b, serial_bayou_shore_a, serial_bayou_lagoon_a,
          serial_bayou_pond_b, uniq_terence, uniq_robin
D:3:      layout_basic, bloody_makhleb
D:4:      layout_rooms, minmay_temple_entry_wispy, first_ration, minivault_24,
          minmay_bisected

Skill      XL: |  1  2 |
---------------+-------+-----
Dodging        | 3 4 |  4.0
Stealth        | 5 |  5.2
Unarmed Combat | |  1.0
Spellcasting   | |  2.0
Hexes          | |  4.4

Action                   || total
-------------------------++-------
Melee: Unarmed           ||    77
       Bite              ||     8
 Cast: Corona            ||     1
  Use: Potion            ||     2
       Scroll            ||     1
 Stab: Sleeping          ||    12
  Eat: Chunk             ||     9
Armor: Skin              ||     7
Dodge: Dodged            ||   102
